Cogmind - Beta 16.1 @@@ ROGUE MODE // 2026.02.14 @ 22:10:17 Player: delto Result: Destroyed by D-53 Grenadier with Mini Grenade Launcher Performance ------------- Evolutions (0) 0 Regions Visited (2) 400 Robots Destroyed (19) 95 Value Destroyed (527) 527 Prototype IDs (0) 0 Alien Tech Used (0) 0 Bonus (7) 7 TOTAL SCORE: 1029 Bonus ------- Follower Combat Kills 7 Cogmind --------- Core Integrity 0/250 Matter 300/300 Energy 120/250 System Corruption 0% Temperature Cool (0) Movement Treading (160) Location -10/Mines Parts ------- > --- POWER (1) -------- Ion Engine > --- PROPULSION (2) --- Light Treads > --- UTILITY (2) ------ Small Storage Unit Utility Shielding > --- WEAPON (2) ------- (None) > --- INVENTORY (8) ---- Improved Heat Sink Large Battery (200) Small Matter Pod (50) Improved Terrain Scanner ECM Suite Peak State ------------ > --- POWER ------------ Light Nuclear Core > --- PROPULSION ------- Light Treads Light Treads > --- UTILITY ---------- Small Storage Unit Improved Terrain Scanner > --- WEAPON ----------- Assault Rifle Light Assault Rifle > --- INVENTORY -------- Ion Engine Light Treads Improved Heat Sink Small Matter Pod ECM Suite Utility Shielding Weapon Shielding Field Recycling Unit [Rating: 12] Favorites ----------- Power Ion Engine Engine Ion Engine Power Core Light Nuclear Core Propulsion Light Treads Treads Light Treads Wheel Compact Wheel Utility Small Storage Unit Device Improved Terrain Scanner Storage Small Storage Unit Protection Weapon Shielding Weapon Assault Rifle Ballistic Gun Assault Rifle Build | -11 -10 -10 ------- Run | Yrd Mat Min Slots Evolved . | . . . Power . | . . . Propulsion . | . . . Utility . | . . . Weapon . | . . . Parts Attached 13 | 7 2 4 Power 3 | 1 . 2 Engine 2 | 1 . 1 Core 1 | . . 1 Reactor . | . . . Propulsion 4 | 2 1 1 Treads 3 | 1 1 1 Leg . | . . . Wheel 1 | 1 . . Hover . | . . . Flight . | . . . Utility 4 | 2 1 1 Device 1 | 1 . . Storage 1 | 1 . . Processor . | . . . Hackware . | . . . Protection 2 | . 1 1 Artifact . | . . . Weapon 2 | 2 . . Energy Gun . | . . . Energy Cannon . | . . . Ballistic Gun 2 | 2 . . Ballistic Cannon . | . . . Launcher . | . . . Special Weapon . | . . . Impact Weapon . | . . . Slashing Weapon . | . . . Piercing Weapon . | . . . Special Melee Weapon . | . . . Unidentified Prototypes . | . . . Parts Lost 7 | . . 7 Power 2 | . . 2 Propulsion 2 | . . 2 Utility 1 | . . 1 Weapon 2 | . . 2 Highest Loss Streak 5 | . . 5 To Critical Strikes . | . . . Average Backups 6 | 2 5 7 Power . | . . . Propulsion 1 | 1 2 . Utility 4 | . 3 5 Weapon . | . . . Tool/Special . | . . . Unused Backups 7 | . 1 6 Power . | . . . Propulsion 1 | . 1 . Utility 6 | . . 6 Weapon . | . . . Tool/Special . | . . . Average Slot Usage (%) 98 | . 100 97 Engine 9 | . 14 5 Core 4 | . . 8 Treads 22 | . 17 27 Wheel 4 | . 10 . Device 5 | . 8 3 Storage 14 | . 14 14 Protection 8 | . 5 10 Ballistic Gun 27 | . 28 26 Peak Build Rating 12 | 9 9 12 Average Rating 8 | 4 8 9 On Entrance 6 | . 9 9 Avg Prop Armor Cover (%) 13 | 21 10 . Naked Turns . | . . . Heaviest Build 14 | 14 14 14 Greatest Support 40 | 20 40 40 Greatest Overweight (x) 1 | 1 . . Average Overweight (x) . | . . . Largest Inventory Capacity 8 | 8 8 8 Average Capacity 7 | 7 8 8 Most Carried 8 | 5 8 8 Average Carried 6 | 2 5 7 Final Capacity 8 | 8 8 8 Final Carried 7 | 3 7 5 Class Distribution -------------------- 100% | Mutant Dominant Class ---------------- Mutant | -10/Materials Mutant | -10/Mines Resources | -11 -10 -10 ----------- Run | Yrd Mat Min Matter Collected 709 | 290 120 299 Remotely . | . . . Salvage Created 735 | 92 113 530 Parts 41 | 7 9 25 Haulers Intercepted . | . . . Recyclers Shooed 2 | . 2 . Parts Field Recycled . | . . . Retrieved Matter . | . . . Parts Self-Destructed . | . . . Prevented . | . . . Parts Restored . | . . . Kills | -11 -10 -10 ------- Run | Yrd Mat Min Combat Hostiles Destroyed 17 | . 4 13 Guns 17 | . 4 13 Classes Destroyed 6 | 3 2 1 Worker 1 | 1 . . Tunneler 1 | 1 . . Recycler 1 | 1 . . Swarmer 4 | . 2 2 Grunt 12 | . 2 10 Assembled 1 | . . 1 Best Kill Streak 3 | 2 2 3 Combat Bots Only 3 | . 2 3 Max Kills in Single Turn 1 | 1 1 1 Gunslinging . | . . . Exploded . | . . . Melee . | . . . Uniques/NPCs Destroyed . | . . . Combat | -11 -10 -10 -------- Run | Yrd Mat Min Hostile Shots Fired 95 | . 15 80 Missed 26 | . 1 25 Hits 69 | . 14 55 Melee 7 | . . 7 Projectile 62 | . 14 48 AOE 2 | . . 2 Critical Strikes 1 | . 1 . Damage Taken 1058 | . 141 917 Core 253 | . 30 223 Absorbed by Shields . | . . . Redirected to Shielding 64 | . 4 60 Core Remaining (%) 100 | 100 . . Volleys Fired 78 | 5 23 50 Largest 2 | 2 2 2 Hottest 40 | 40 40 40 Shots Fired 151 | 10 46 95 Gun 151 | 10 46 95 Cannon . | . . . Launcher . | . . . Special . | . . . Kinetic 151 | 10 46 95 Thermal . | . . . Explosive . | . . . Electromagnetic . | . . . Robot Hit Streak 9 | 4 5 9 Robot Miss Streak 5 | 2 5 4 Penetration Max . | . . . Secondary Targets 2 | . 1 1 Max Gunslinging Chain 1 | . 1 1 Shots Hit Robots 87 | 5 23 59 Core Hits 45 | 4 10 31 Critical Kills . | . . . Critical Parts Destroyed 1 | . . 1 Critical Strikes 1 | . . 1 Destroy 1 | . . 1 Melee Attacks . | . . . Impact . | . . . Slashing . | . . . Piercing . | . . . Sneak Attacks . | . . . Combat Hostiles . | . . . Follow-up Attacks . | . . . Damage Inflicted 899 | 64 229 606 Guns 881 | 64 222 595 Cannons . | . . . Explosions . | . . . Melee . | . . . Ramming 18 | . 7 11 Kinetic 881 | 64 222 595 Thermal . | . . . Explosive . | . . . Electromagnetic . | . . . Impact . | . . . Slashing . | . . . Piercing . | . . . Highest Corruption . | . . . Average Corruption . | . . . Corruption Purged . | . . . Corruption Blocked . | . . . Overload Shots . | . . . Overflow Damage . | . . . Projectiles . | . . . Explosions . | . . . Melee . | . . . Knockbacks . | . . . Impact . | . . . Kinetic . | . . . Secondary . | . . . Self-Inflicted Damage . | . . . Shots . | . . . Rammed 6 | . 1 5 Targets Rammed 6 | . 1 5 Kicked . | . . . Crushed . | . . . Highest Temperature 26 | . 12 26 Average Temperature 9 | . 10 9 Received Heat Transfer 307 | . 42 265 Siege Activations . | . . . Martial Activations . | . . . Shielding Activations . | . . . Robots Disrupted . | . . . Combat Hostiles . | . . . Robots Corrupted . | . . . Combat Hostiles . | . . . Parts Fried . | . . . Impact Corruptions . | . . . Robots Melted . | . . . Combat Hostiles . | . . . Parts Melted . | . . . Heat Transferred . | . . . Parts Sabotaged . | . . . Parts Stolen . | . . . Parts Stripped . | . . . Power Chain Reactions . | . . . Alert | -11 -10 -10 ------- Run | Yrd Mat Min Maximum Alert Level 1 | . . 1 Low Security (%) 98 | 100 100 97 Level 1 1 | . . 2 Level 2 . | . . . Level 3 . | . . . Level 4 . | . . . Level 5 . | . . . High Security . | . . . Max Security . | . . . Peak Influence 206 | 5 114 206 Initial 23 | . 3 23 Average 81 | 1 43 129 Influence Increases 549 | 15 161 373 Destroy 0b10 Robot/C 340 | . 100 240 Destroy 0b10 Robot/NC 20 | 15 5 . Destroy Leader 82 | . 22 60 Allied During Kill 40 | . 12 28 Successful Hack 7 | . 7 . Lose Combat Pursuer 60 | . 15 45 Influence Decreases 449 | 10 105 334 Entered New Map 40 | . 2 38 Time Decay 319 | 10 103 206 Lost Part 70 | . . 70 Lost Ally 20 | . . 20 Squads Dispatched 2 | . 2 . Investigation 1 | . 1 . Extermination . | . . . Reinforcement 1 | . 1 . Assault . | . . . Garrison . | . . . Intercept . | . . . Searches Triggered . | . . . Construction Impeded . | . . . Haulers Reinforced . | . . . Active Scanning Responses . | . . . Cargo Convoy Interrupts . | . . . Stealth | -11 -10 -10 --------- Run | Yrd Mat Min Distress Signals . | . . . Communications Jammed . | . . . Distress Signals . | . . . Times Spotted 45 | . 13 32 Peak Tracking Total 14 | . 3 14 Tactical Retreats 4 | . 1 3 Traps | -11 -10 -10 ------- Run | Yrd Mat Min Traps Triggered 1 | . 1 . Indirectly . | . . . Trap Hack Attempts . | . . . Triggered . | . . . Disarmed . | . . . Reprogrammed . | . . . Reused . | . . . Traps Extracted . | . . . Installed . | . . . Triggered . | . . . Machines | -11 -10 -10 ---------- Run | Yrd Mat Min Machines Disabled . | . . . Max in Single Turn . | . . . Machines Repaired . | . . . Machines Dismantled . | . . . Machines Sabotaged . | . . . Overloaded Fab Kills . | . . . Hacking | -11 -10 -10 --------- Run | Yrd Mat Min Machines Accessed 3 | . 3 . Terminals 3 | . 3 . Fabricators . | . . . Repair Stations . | . . . Recycling Units . | . . . Scanalyzers . | . . . Garrison Access . | . . . Total Hacks 6 | . 6 . Successful 4 | . 4 . Failed 2 | . 2 . Catastrophic 1 | . 1 . Database Lockouts . | . . . Manual 6 | . 6 . Terminals 6 | . 6 . Fabricators . | . . . Repair Stations . | . . . Recycling Units . | . . . Scanalyzers . | . . . Garrison Access . | . . . Terminal Hacks 2 | . 2 . Branch Access Points 1 | . 1 . Terminal Index 1 | . 1 . Fabricator Hacks . | . . . Repair Station Hacks . | . . . Recycling Unit Hacks . | . . . Scanalyzer . | . . . Garrison Access Hacks . | . . . Unauthorized Hacks 2 | . 2 . Terminals 2 | . 2 . Botnet 2 | . 2 . Fabricators . | . . . Repair Stations . | . . . Recycling Units . | . . . Scanalyzers . | . . . Garrison Access . | . . . Data Cores Recovered . | . . . Used . | . . . Hacking Detections 2 | . 2 . Full Trace Events . | . . . Feedback Events . | . . . Feedback Blocked . | . . . Robot Schematics Acquired . | . . . Robots Built . | . . . Authchips . | . . . Time . | . . . Total Robot Build Rating . | . . . Part Schematics Acquired . | . . . Parts Built . | . . . Authchips . | . . . Time . | . . . Total Part Build Rating . | . . . Part Studies Acquired . | . . . Parts Repaired . | . . . Time . | . . . Parts Recycled . | . . . Recycled Matter . | . . . Retrieved Matter . | . . . Retrieved Components . | . . . Parts Scanalyzed . | . . . Part Schematics Acquired . | . . . Parts Damaged . | . . . Bothacking | -11 -10 -10 ------------ Run | Yrd Mat Min Used RIF Installer . | . . . Robots Hacked . | . . . Non-combat . | . . . Combat . | . . . Robot Hacks Applied . | . . . Relay Couplers Released . | . . . Fabnet Peak Effective % . | . . . Robots Rewired . | . . . Allies Hacked . | . . . Hacks Repelled . | . . . Allies | -11 -10 -10 -------- Run | Yrd Mat Min Total Allies 1 | 1 . . Largest Group 1 | 1 1 1 Highest-Rated Group 27 | 27 27 27 Highest-Rated Ally 27 | 27 27 27 Total Orders . | . . . Ally Attacks 27 | . 5 22 Total Damage 186 | . 44 142 Kills 2 | . 2 . Allies Corrupted . | . . . Allies Melted . | . . . Intel | -11 -10 -10 ------- Run | Yrd Mat Min Active Infowar (turns) 332 | 33 197 102 Terrain 332 | 33 197 102 Robot Analysis Total . | . . . Derelict Logs Recovered . | . . . Drone Launches . | . . . Drone Recoveries . | . . . Exploration | -11 -10 -10 ------------- Run | Yrd Mat Min Turns Passed 852 | 106 324 422 Spaces Moved 444 | 80 200 164 Core 14 | 14 . . Treads 243 | 5 74 164 Legs . | . . . Wheels 187 | 61 126 . Hover . | . . . Flight . | . . . Fastest Speed 50 | 50 100 160 Average Speed 131 | 96 122 160 Slowest Speed 160 | 160 160 160 Overloaded Moves . | . . . Propulsion Burnouts . | . . . Robots Hopped . | . . . Potential Cave-ins . | . . . Cave-ins Triggered . | . . . Exploration Rate (%) 26 | 4 33 41 Regions Visited 2 Branch Regions 1 Pre-discovered Areas . | . . . Known Exits Taken 1 | . 1 . Unknown Exits Taken 1 | 1 . . Scrap Searched 1 | . . 1 Spaces Dug . | . . . Terrain Destroyed . | . . . Melee . | . . . Projectile . | . . . AOE . | . . . Terrain Rammed . | . . . Walls Destroyed . | . . . Machines Disabled . | . . . Actions | -11 -10 -10 --------- Run | Yrd Mat Min Total 570 | 99 236 235 Wait 1 | . . 1 Move 442 | 79 199 164 Hop . | . . . Pick Up 16 | 7 6 3 Fast Attach 4 | 3 . 1 Attach 8 | 4 . 4 Detach . | . . . Swap 9 | . 5 4 Drop 6 | 1 2 3 Fire 78 | 5 23 50 Melee . | . . . Ram . | . . . Kick . | . . . Crush 6 | . 1 5 Escape Stasis . | . . . Rewire . | . . . Trap . | . . . Miscellaneous . | . . . Route ------- -11/Scrapyard -10/Materials (discovered 2 exits: *Min x2) -10/Mines (discovered 1 exit: [*Mat]) History --------- Turn | Location | Event 28 | -11/Scrapyard | Botcube activated 34 | -11/Scrapyard | Botcube completed mutation into legged form, armed with 1 gun. 36 | -11/Scrapyard | Discovered new exit (range 15) 107 | -11/Scrapyard | Entered Materials 107 | -10/Materials | Accompanied by 1 ally 305 | -10/Materials | Build established: Mutant 402 | -10/Materials | Identified exit to Mines 431 | -10/Materials | Entered Mines 431 | -10/Mines | Accompanied by 1 ally 484 | -10/Mines | Discovered new exit (range 14) 787 | -10/Mines | Assembled infested the area 792 | -10/Mines | Assisted by a Guerilla fighting off Assembled 850 | -10/Mines | Core integrity fell below 50% 853 | -10/Mines | Destroyed by D-53 Grenadier with Mini Grenade Launcher Last Messages --------------- 00820_ 3K-AWG(h) destroyed. 00827_ Lgt. Assault Rifle destroyed. 00832_ Destroyed Asb. Hover Unit. 00834_ Weapon Shielding destroyed. 00835_ as-15254 destroyed. 00837_ Lgt. Treads destroyed. 00838_ Assault Rifle destroyed. 00839_ Slammed into as-30867. 00843_ Acquired 25 matter. 00847_ C-45 Heavy ARC bursts open, deploying its payload. 00847_ D-53 Grenadier unfolds itself. 00847_ Slammed into as-30867. 00848_ Ion Engine destroyed. 00850_ Slammed into as-21135. 00852_ D-53 Grenadier knocked back. 00853_ Slammed into as-21135. 00853_ as-21135 destroyed. 00853_ as-80427 destroyed. 00853_ as-56821 destroyed. 00853_ as-30867 destroyed. Map ----- +----------------------------------------------------+ | | | | | | | | | | | | | | | | | | | | | | | | | | | | | | | ?????????????????????????????????????????????????? | | ?????????????????????????????????????????????????? | | ?????????#######?????????????????????????????????? | | ????????## ##???????????????#?????##????????? | | ????????# ##??????????????# ? ?????????? | | ???##"##" ! ##?????????????# ?????????? | | ? % [%* ##????????????# """ ????###### | | ? =&= #????????????? """ ???## # | | ????####### % %!% ##?####???????? """ ???# | | ??????????## ##[ a### ##???????? ???# | | ???????????####?## aaaaa@ #?????????# ##### | | ?????????????????#aa#### #????????#[=%[ | | ?????????????????# #### ##########[%#### #### | | ?????????????????# dd % %=#??####??? | | ?????????????????##### ######### #????????? | | ?????????????????????#########???????# #????????? | | ?????????????????????????????????????# #????????? | | ?????????????????????????????????????# #????????? | | ?????????????????????????????????????# ????????? | | ????????????????????????????????????? ???????? | | ????????????????????????????????????? ???????? | | ????????????????????????????????????? ??????? | | ????????????????????????????????????? ## ?????? | | ????????????????????????????????????##??# #??##?? | | ????????????????????????????????????????? #?????? | | ????????????????????????????????????????? ?????## | | ????????????????????????????????????????? ?????# | | ?????????????????????????????????????????? ??????# | | ?????????????????????????????????????????????????# | | ?????????????????????????????????????????????????? | | ?????????????????????????????????????????????????? | | ????????????????????????????????????????????????## | | ????????????????????????????????????????????????? | | ????????????????????????????????????????????#????# | | ??????????????????????????????????????????????#??# | +----------------------------------------------------+ Best States ------------- Heat Dissipation 25 Energy Generation 14 Energy Capacity 250 Matter Stores 300 Matter Capacity 300 Sight Range 16 Terrain Scan Range 16 Terrain Scan Density 10 Utility Shielding 33 Weapon Shielding 33 Evasion (%) 40 Recoil Reduction 2 Item Schematics ----------------- None Robot Schematics ------------------ None Fabricated ------------ Nothing Repaired ---------- Nothing Studied --------- None Alien Tech Used ----------------- None Achievements -------------- None Challenges ------------ None Game ------ Seed DroneLightpackMatter Manual? 0 Play Time 00:11:55 Cumulative 114.0 hours Start 2026.02.14 @ 22:00:04 End 2026.02.14 @ 22:10:17 Sessions 1 Manual Loads 0 Difficulty Rogue Special Mode None Game No. 142 Rogue 142 Adventurer 0 Explorer 0 Win Type - Total 1 Types 1/0/0/0/0/0/0/0/0/0 Lore% 24 Gallery% 45 Achievement% 31 Wizard Run 0 Options --------- Layout 0 ASCII 0 Keyboard 0 Movement Mouse Keybinds 0 Fullscreen 1 Font 24/Smallcaps Map View 76x50 Zoom Use 0% Tactical HUD 1 Map Filters NONE Filters NONE Steam 1 RUN: 906389d2-9d0c-4afe-9795-479cfe3e4f40